[ AOE2 MATCH · #507104336 ]
UnrankedMongols vs Poles
Player's team · LOSS
Rival team · WIN
[ REPLAY ANALYSIS · EXTRACTED FROM THE RECORDED GAME ]
Feudal
8:02
Castle
26:00
Imperial
—
| APM avg | 45.2 |
| APM peak | 102 |
| eAPM avg | 24.4 |
| Villagers / military | 72 / 47 |
Focus
⚔️ 13.5% · 🌾 86.5%
Mangudai ×34 · Scout Cavalry ×5 · Monk ×2 · Militia ×2 · Battering Ram ×2 · Archer ×1
Feudal
10:00
Castle
22:23
Imperial
31:24
| APM avg | 26.3 |
| APM peak | 53 |
| eAPM avg | 14.1 |
| Villagers / military | 175 / 106 |
Focus
⚔️ 22.7% · 🌾 77.3%
Knight ×61 · Obuch ×30 · Spearman ×7 · Militia ×3 · Trebuchet (Packed) ×3 · Scout Cavalry ×2
Match map
Initial resources + every placement click. Lines = walls · curves = elevation contours. ◆ gold · ⬟ stone · ● berries · ✦ relic · ◌ wall gap
Your base· ✓ Closed at 26:00 · 0t walls · 5 gate(s)
just horsing around's base· ✓ Closed at 22:23 · 0t walls · 3 gate(s)
Smoothed initial terrain · ◌ = detected wall gap · hover for details
Inputs per minute
— Maximus - - just horsing around
Build order — Maximus
First 150 of 234 actions detected
| 0:00 | Queue | Villager (Male) |
| 0:00 | Queue | Villager (Male) |
| 0:01 | Queue | Villager (Male) |
| 0:01 | Queue | Villager (Male) |
| 0:02 | Build | House |
| 0:03 | Build | House |
| 1:42 | Queue | Villager (Male) |
| 1:42 | Queue | Villager (Male) |
| 1:51 | Build | Lumber Camp |
| 1:57 | Queue | Villager (Male) |
| 2:24 | Queue | Villager (Male) |
| 2:51 | Queue | Villager (Male) |
| 3:02 | Build | House |
| 3:12 | Queue | Villager (Male) |
| 3:45 | Queue | Villager (Male) |
| 3:45 | Queue | Villager (Male) |
| 3:45 | Queue | Villager (Male) |
| 4:32 | Queue | Villager (Male) |
| 4:32 | Queue | Villager (Male) |
| 4:33 | Queue | Villager (Male) |
| 4:33 | Queue | Villager (Male) |
| 5:06 | Build | Mill |
| 5:21 | Build | House |
| 5:52 | Research | Feudal Age |
| 6:57 | Queue | Villager (Male) |
| 6:58 | Queue | Villager (Male) |
| 6:58 | Queue | Villager (Male) |
| 7:05 | Build | Barracks |
| 8:02 | Age | Feudal Age |
| 8:04 | Build | Stable |
| 8:18 | Research | Double-Bit Axe |
| 8:38 | Queue | Villager (Male) |
| 8:52 | Build | Farm |
| 8:54 | Queue | Scout Cavalry |
| 9:03 | Build | Blacksmith |
| 9:06 | Build | House |
| 9:20 | Queue | Scout Cavalry |
| 9:20 | Queue | Scout Cavalry |
| 9:37 | Build | Farm |
| 9:45 | Build | Farm |
| 10:06 | Build | Mining Camp |
| 10:22 | Build | Watch Tower |
| 10:33 | Queue | Scout Cavalry |
| 10:34 | Queue | Scout Cavalry |
| 11:17 | Research | Loom |
| 11:30 | Queue | Villager (Male) |
| 11:30 | Queue | Villager (Male) |
| 11:52 | Build | Watch Tower |
| 12:10 | Queue | Villager (Male) |
| 12:10 | Queue | Villager (Male) |
| 13:10 | Queue | Villager (Male) |
| 13:23 | Build | House |
| 13:24 | Build | House |
| 13:30 | Build | Blacksmith |
| 13:37 | Build | Farm |
| 13:40 | Queue | Villager (Male) |
| 13:40 | Queue | Villager (Male) |
| 13:54 | Build | Palisade Gate |
| 13:58 | Build | House |
| 14:01 | Build | House |
| 14:03 | Build | House |
| 14:23 | Queue | Villager (Male) |
| 14:23 | Queue | Villager (Male) |
| 14:23 | Queue | Villager (Male) |
| 14:38 | Queue | Militia |
| 14:39 | Queue | Militia |
| 14:54 | Build | Watch Tower |
| 15:12 | Queue | Villager (Male) |
| 15:41 | Build | Farm |
| 15:43 | Build | Farm |
| 16:03 | Build | Watch Tower |
| 16:09 | Queue | Villager (Male) |
| 16:09 | Queue | Villager (Male) |
| 16:10 | Queue | Villager (Male) |
| 17:36 | Build | Watch Tower |
| 18:01 | Queue | Villager (Male) |
| 18:01 | Queue | Villager (Male) |
| 18:01 | Queue | Villager (Male) |
| 18:36 | Build | Farm |
| 18:38 | Build | Farm |
| 18:39 | Build | Farm |
| 18:40 | Build | Farm |
| 18:41 | Build | Farm |
| 18:42 | Build | Farm |
| 18:58 | Queue | Villager (Male) |
| 19:40 | Queue | Villager (Male) |
| 19:40 | Queue | Villager (Male) |
| 19:40 | Queue | Villager (Male) |
| 19:51 | Build | House |
| 19:53 | Build | House |
| 20:15 | Build | Archery Range |
| 20:25 | Build | Farm |
| 20:27 | Queue | Villager (Male) |
| 20:27 | Queue | Villager (Male) |
| 20:28 | Queue | Villager (Male) |
| 21:04 | Queue | Villager (Male) |
| 21:04 | Queue | Villager (Male) |
| 21:26 | Build | Mining Camp |
| 21:43 | Build | Farm |
| 21:44 | Build | Farm |
| 21:45 | Build | Farm |
| 21:46 | Build | Farm |
| 22:13 | Build | Market |
| 23:20 | Research | Castle Age |
| 23:39 | Research | Man-at-Arms (upgrade) |
| 24:48 | Build | Farm |
| 25:05 | Build | Stable |
| 25:08 | Build | House |
| 25:14 | Build | House |
| 25:52 | Research | Forging |
| 25:59 | Build | House |
| 26:00 | Age | Castle Age |
| 26:03 | Build | Stone Wall |
| 26:08 | Build | Castle |
| 26:21 | Build | Siege Workshop |
| 26:28 | Build | Monastery |
| 26:56 | Queue | Scorpion |
| 27:06 | Queue | Monk |
| 27:06 | Queue | Monk |
| 27:10 | Build | House |
| 27:11 | Build | House |
| 27:32 | Queue | Mangudai |
| 27:32 | Queue | Mangudai |
| 28:07 | Queue | Villager (Male) |
| 28:46 | Build | Town Center |
| 28:56 | Queue | Mangudai |
| 28:56 | Queue | Mangudai |
| 29:09 | Queue | Villager (Male) |
| 29:09 | Queue | Villager (Male) |
| 29:24 | Build | Farm |
| 29:36 | Queue | Mangudai |
| 29:37 | Queue | Mangudai |
| 29:57 | Queue | Villager (Male) |
| 29:57 | Queue | Villager (Male) |
| 29:57 | Queue | Villager (Male) |
| 29:57 | Queue | Villager (Male) |
| 30:01 | Queue | Mangudai |
| 30:01 | Queue | Mangudai |
| 30:16 | Build | University |
| 30:19 | Build | House |
| 30:19 | Build | House |
| 30:20 | Build | House |
| 30:27 | Build | Stone Wall |
| 30:30 | Queue | Villager (Male) |
| 30:31 | Queue | Villager (Male) |
| 30:34 | Queue | Mangudai |
| 30:41 | Queue | Villager (Male) |
| 30:41 | Queue | Villager (Male) |
| 31:04 | Research | Fletching |
| 31:10 | Build | Farm |
Build order — just horsing around
First 150 of 251 actions detected
| 0:01 | Queue | Villager (Male) |
| 0:02 | Queue | Villager (Male) |
| 0:02 | Queue | Villager (Male) |
| 0:03 | Build | House |
| 0:05 | Build | House |
| 1:00 | Queue | Villager (Male) |
| 1:46 | Build | Lumber Camp |
| 1:48 | Queue | Villager (Male) |
| 1:48 | Queue | Villager (Male) |
| 2:07 | Queue | Villager (Male) |
| 2:40 | Queue | Villager (Male) |
| 2:56 | Queue | Villager (Male) |
| 3:07 | Queue | Villager (Male) |
| 3:42 | Queue | Villager (Male) |
| 4:07 | Build | Mill |
| 4:17 | Queue | Villager (Male) |
| 4:43 | Queue | Villager (Male) |
| 5:15 | Queue | Villager (Male) |
| 5:23 | Build | House |
| 5:37 | Queue | Villager (Male) |
| 6:02 | Queue | Villager (Male) |
| 6:08 | Build | Barracks |
| 6:32 | Queue | Villager (Male) |
| 6:32 | Queue | Villager (Male) |
| 6:36 | Research | Loom |
| 7:09 | Build | Mining Camp |
| 7:46 | Queue | Villager (Male) |
| 7:50 | Research | Feudal Age |
| 8:10 | Build | House |
| 8:12 | Queue | Militia |
| 8:34 | Queue | Militia |
| 8:35 | Queue | Militia |
| 10:00 | Age | Feudal Age |
| 10:02 | Build | Watch Tower |
| 10:05 | Queue | Spearman |
| 10:06 | Queue | Spearman |
| 10:06 | Queue | Spearman |
| 10:14 | Queue | Villager (Male) |
| 10:14 | Queue | Villager (Male) |
| 10:14 | Queue | Villager (Male) |
| 11:28 | Queue | Villager (Male) |
| 11:28 | Queue | Villager (Male) |
| 11:36 | Build | Farm |
| 11:41 | Build | Farm |
| 11:46 | Build | Blacksmith |
| 12:05 | Build | House |
| 12:41 | Build | Watch Tower |
| 12:56 | Queue | Spearman |
| 12:56 | Queue | Spearman |
| 13:17 | Research | Fletching |
| 13:21 | Queue | Villager (Male) |
| 13:22 | Queue | Villager (Male) |
| 13:27 | Build | Farm |
| 13:31 | Build | Farm |
| 13:35 | Queue | Villager (Male) |
| 14:08 | Queue | Villager (Male) |
| 14:11 | Research | Double-Bit Axe |
| 14:13 | Research | Horse Collar |
| 14:43 | Build | Watch Tower |
| 15:08 | Queue | Villager (Male) |
| 15:08 | Queue | Villager (Male) |
| 15:08 | Queue | Villager (Male) |
| 15:08 | Queue | Villager (Male) |
| 15:32 | Build | Watch Tower |
| 15:40 | Build | House |
| 15:49 | Build | Farm |
| 16:07 | Build | Farm |
| 16:11 | Build | Farm |
| 16:13 | Build | Farm |
| 17:27 | Build | Watch Tower |
| 17:35 | Queue | Villager (Male) |
| 17:35 | Queue | Villager (Male) |
| 17:35 | Queue | Villager (Male) |
| 17:42 | Build | Mill |
| 18:26 | Build | Farm |
| 18:26 | Build | Farm |
| 18:26 | Build | Farm |
| 18:32 | Build | Market |
| 18:59 | Build | Watch Tower |
| 19:34 | Build | Farm |
| 19:35 | Build | Farm |
| 19:43 | Research | Castle Age |
| 19:58 | Build | Lumber Camp |
| 20:03 | Queue | Spearman ×2 |
| 20:07 | Build | House |
| 20:09 | Build | House |
| 21:43 | Build | Farm |
| 21:43 | Build | Farm |
| 22:04 | Research | Forging |
| 22:05 | Research | Scale Mail Armor |
| 22:17 | Build | Farm |
| 22:23 | Age | Castle Age |
| 22:35 | Build | Castle |
| 22:39 | Queue | Villager (Male) |
| 22:39 | Queue | Villager (Male) |
| 22:48 | Build | Town Center |
| 23:12 | Queue | Villager (Male) ×5 |
| 23:19 | Build | Mining Camp |
| 23:42 | Research | Heavy Plow |
| 23:45 | Research | Bow Saw |
| 23:52 | Queue | Villager (Male) ×5 |
| 23:59 | Build | Farm |
| 24:25 | Build | Mining Camp |
| 24:34 | Queue | Obuch ×5 |
| 24:56 | Build | Mill |
| 25:00 | Build | Farm |
| 25:00 | Build | Farm |
| 25:00 | Build | Farm |
| 25:00 | Build | Farm |
| 25:00 | Build | Farm |
| 25:01 | Build | Farm |
| 25:13 | Queue | Obuch ×5 |
| 25:52 | Research | Wheelbarrow |
| 27:03 | Queue | Villager (Male) ×5 |
| 27:07 | Queue | Villager (Male) |
| 27:07 | Queue | Villager (Male) |
| 27:18 | Research | Gold Mining |
| 27:23 | Build | Farm |
| 27:33 | Build | Farm |
| 27:33 | Build | Farm |
| 27:36 | Research | Gold Mining |
| 28:14 | Research | Imperial Age |
| 28:14 | Research | Imperial Age |
| 28:56 | Queue | Obuch ×5 |
| 29:24 | Queue | Villager (Male) ×5 |
| 29:28 | Research | Bodkin Arrow |
| 30:00 | Build | University |
| 30:33 | Build | Town Center |
| 30:52 | Research | Ballistics |
| 31:24 | Age | Imperial Age |
| 31:26 | Queue | Trebuchet (Packed) |
| 31:27 | Queue | Trebuchet (Packed) |
| 32:10 | Queue | Villager (Male) ×5 |
| 32:14 | Queue | Villager (Male) ×5 |
| 32:25 | Queue | Trebuchet (Packed) |
| 32:48 | Queue | Villager (Male) ×5 |
| 32:49 | Queue | Villager (Male) ×5 |
| 32:54 | Build | House |
| 32:55 | Build | House |
| 32:57 | Build | House |
| 32:58 | Build | House |
| 32:59 | Build | House |
| 33:01 | Build | House |
| 33:46 | Build | Castle |
| 34:19 | Research | Murder Holes |
| 34:48 | Queue | Obuch ×5 |
| 34:48 | Queue | Obuch ×5 |
| 35:06 | Build | Mill |
| 35:09 | Build | Farm |
| 35:09 | Build | Farm |
Match timeline
| 6:08 | just horsing around · first_building Barracks |
| 7:05 | Maximus · first_building Barracks |
| 8:02 | Maximus · age_up feudal |
| 8:04 | Maximus · first_building Stable |
| 10:00 | just horsing around · age_up feudal |
| 20:15 | Maximus · first_building Archery Range |
| 22:23 | just horsing around · age_up castle |
| 22:35 | just horsing around · first_building Castle |
| 23:01 | Maximus · first_market_sell 100 stone |
| 23:05 | Maximus · first_market_buy 100 food |
| 26:00 | Maximus · age_up castle |
| 26:03 | Maximus · wall_segment Stone Wall x1 |
| 26:08 | Maximus · first_building Castle |
| 26:21 | Maximus · first_building Siege Workshop |
| 26:28 | Maximus · first_building Monastery |
| 28:05 | just horsing around · first_market_sell 100 wood |
| 30:24 | just horsing around · first_market_buy 100 stone |
| 30:27 | Maximus · wall_segment Stone Wall x11 |
| 31:24 | just horsing around · age_up imperial |
| 37:45 | just horsing around · first_building Stable |
| 46:16 | Maximus · resign |
[ AI ANALYSIS · 1 CREDIT ]
What really happened in this match?
Wolo.gg analyzes every decision: build order, eco, micro, common mistakes by bracket. Personalized analysis on WhatsApp or Discord in 30 seconds.
Civ guide
Mongols
Perfil
Jugador #18929365